 Dungeon Crawl Stone Soup version 0.30.0-15-g856e2d3f33 (webtiles) character file.

Game seed: 11807881983419021180

346 chunkyMonkey the Ducker (level 6, -8/32 HPs)
             Began as a Spriggan Fighter on May 19, 2023.
             Was a Plaything of Xom.
             Mangled by a gnoll sergeant
             ... wielding a +0 spear
              (15 damage)
             ... on level 5 of the Dungeon.
             The game lasted 00:09:10 (5204 turns).

chunkyMonkey the Ducker (Spriggan Fighter)          Turns: 5204, Time: 00:09:11

Health: -8/32      AC:  2    Str: 12    XL:     6   Next: 32%
Magic:  9/9        EV: 19    Int:  9    God:    Xom [..*...]
Gold:   227        SH:  5    Dex: 17    Spells: 8/8 levels left

rFire   . . .        a - +0 rapier
rCold   . . .        c - +0 buckler
rNeg    . . .        b - +0 robe
rPois   .            (helmet restricted)
rElec   .            (no cloak)
rCorr   .            (gloves unavailable)
SInv    +            (boots unavailable)
Will    +....        (no amulet)
Stlth   ++           (no ring)
HPRegen 0.25/turn    (no ring)
MPRegen 0.11/turn

%: no passive effects
@: brilliant, very quick
A: very small, no large weapons, unfitting armour, see invisible, speed 3
a: Renounce Religion


You were on level 5 of the Dungeon.
You worshipped Xom.
You were a toy of Xom.
You visited 2 branches of the dungeon, and saw 6 of its levels.

You collected 227 gold pieces.

Inventory:

Hand Weapons
 a - a +0 rapier (weapon)
 h - a +0 sling
Armour
 b - a +0 robe (worn)
 c - a +0 buckler (worn)
 g - an orb of mayhem
Jewellery
 o - an amulet of magic regeneration
Wands
 m - a wand of light (1)
 t - a wand of polymorph (2)
Scrolls
 f - a scroll of silence
 l - 2 scrolls of teleportation
 p - a scroll of torment {unknown}
 q - a scroll of immolation {unknown}
 s - a scroll of identify
Potions
 d - a potion of might
 e - a potion of lignification
 i - 2 potions of curing {unknown}
 j - a potion of flight {unknown}
 k - 2 potions of brilliance {unknown}
 n - a potion of mutation {unknown}
 r - a potion of haste {unknown}


   Skills:
 + Level 3.0 Fighting
 * Level 3.8 Short Blades
 + Level 1.1 Ranged Weapons
 + Level 1.1 Armour
 * Level 5.5 Dodging
 + Level 2.5 Stealth
 * Level 3.0 Shields
 + Level 1.9 Spellcasting


You had 8 spell levels left.
You didn't know any spells.
Your spell library contained the following spells:

 Spells                   Type           Power      Damage    Failure   Level
 Apportation              Tloc           2%         N/A       43%         1
 Sandblast                Erth           2%         2d4       43%         1
 Shatter                  Erth           0%         3d5*      100%        9


Dungeon Overview and Level Annotations

Branches:
Dungeon (5/15)             Temple (1/1) D:5

Altars:
Ashenzari
Cheibriados
Dithmenos
Elyvilon
Fedhas
Gozag
Hepliaklqana
Kikubaaqudgha
Makhleb
Ru
Sif Muna
Trog
Uskayaw
Vehumet
Wu Jian
Xom
Yredelemnul
Zin
The Shining One

Shops:
D:2 =

Annotations:
D:3 1 runed translucent door, Crazy Yiuf


Innate Abilities, Weirdness & Mutations

You are very small and have problems with some larger weapons.
You are too small for most types of armour.
You have supernaturally acute eyesight. (SInv)
You cover ground extremely quickly. (Speed+++)


Message History

Press: ? - help, Shift-Dir - straight line, f - ogre
Aim: an ogre, wielding a +0 giant club (86% to hit)
The bolt of light misses the ogre.
The bolt of light hits the gnoll!
The gnoll is severely wounded.
The gnoll is blinded.
The gnoll sergeant shouts!
The gnoll shouts!
The ogre closely misses you.
A gnoll comes into view. It is wielding a +0 whip.
Unknown command.
Aiming: Bolt of Light
Press: ? - help, Shift-Dir - straight line, f/p - ogre
Aim: an ogre, wielding a +0 giant club (86% to hit)
The bolt of light hits the ogre!
The ogre is heavily wounded.
The ogre is blinded.
You hit the ogre.
The ogre is heavily wounded.
Xom smiles on you.
You feel clever all of a sudden.
The ogre hits you with a +0 giant club!!
Ouch! That really hurt!
* * * LOW HITPOINT WARNING * * *
A shower of butterflies erupts from you!
You hit the ogre.
The ogre is severely wounded.
The ogre closely misses you.
You hit the ogre.
The ogre is severely wounded.
You hit the ogre.
The ogre is severely wounded.
The ogre closely misses you.
The gnoll sergeant hits you from afar with a +0 spear.
* * * LOW HITPOINT WARNING * * *
Unknown command.
You catch the helpless ogre completely off-guard!
You puncture the ogre!
You kill the ogre!
The gnoll sergeant hits you from afar with a +0 spear!
You die...
Xom giggles madly!

### . ##.##
...
##..b###gg...
#..bb@)ggg...
##.bb###.....
##.## ... #.#
. #.# ... #.#
..# #.# #.#
#.# #.# #.#
#.# #.# ##.#
#.# #.# #


You could see a gnoll sergeant and 4 gnolls.

Vanquished Creatures
  2 ogres
  A sleepcap (D:5)
  2 hounds (D:3)
  An iguana (D:5)
  An orc wizard (D:4)
  5 adders
  2 worms
  5 dart slugs
  3 orcs (D:4)
  9 endoplasms
  3 giant cockroaches
  9 hobgoblins
  3 jackals (D:2)
  3 quokkas
  6 ball pythons
  6 bats (D:1)
  A frilled lizard (D:1)
  6 goblins
  A kobold (D:2)
  2 rats
71 creatures vanquished.

Notes
Turn   | Place    | Note
-------+----------+-------------------------------------------
     0 | D:1      | chunkyMonkey the Spriggan Fighter began the quest for the
                  | Orb.
     0 | D:1      | Reached XP level 1. HP: 11/11 MP: 2/2
    85 | D:1      | Reached XP level 2. HP: 15/16 MP: 3/3
   683 | D:1      | Reached skill level 1 in Stealth
   973 | D:1      | Reached XP level 3. HP: 18/19 MP: 3/5
  1844 | D:2      | Found Picyzuf's Jewellery Shoppe.
  1887 | D:2      | Reached skill level 1 in Spellcasting
  2003 | D:2      | Reached XP level 4. HP: 23/23 MP: 6/6
  2184 | D:2      | Identified the +0 pair of boots of Negligence {Harm Int+3
                  | Dex+4}
  2929 | D:3      | Found a runed translucent door.
  2932 | D:3      | Noticed Crazy Yiuf
  3198 | D:3      | Got the Almanac of Metal and Places
  3290 | D:4      | Noticed an ogre
  3331 | D:3      | Killed an ogre
  3332 | D:3      | Reached skill level 5 in Dodging
  3332 | D:3      | Reached XP level 5. HP: 27/28 MP: 6/8
  3375 | D:3      | Reached skill level 1 in Armour
  3506 | D:4      | Identified the +3 leather armour of the Blind Marksman
                  | {Str+3}
  3574 | D:4      | Reached XP level 6. HP: 18/32 MP: 9/9
  4184 | D:4      | Reached skill level 1 in Ranged Weapons
  4586 | D:5      | Entered Level 5 of the Dungeon
  4611 | D:5      | Found a staircase to the Ecumenical Temple.
  4623 | Temple   | Entered the Ecumenical Temple
  4899 | Temple   | Became a worshipper of Xom of Chaos
  5019 | D:5      | XOM: silly message
  5022 | D:5      | XOM: silly message
  5200 | D:5      | XOM: potion effect (brilliance)
  5200 | D:5      | XOM: butterfly on damage
  5204 | D:5      | Mangled by a gnoll sergeant

Illustrated notes

Levels and vault maps discovered:
D:1:      wander_arrival_chamber, layout_rooms
D:2:      layout_basic, serial_shops, shop
D:3:      layout_basic, uniq_crazy_yiuf_cottage
D:4:      layout_loops_ring, st_stairs_5, fountainhead
D:5:      layout_loops_ring, minmay_temple_entry_water_ring
Temple:   compressed_dpeg_triangle_lava_temple

Skill      XL: |  1  2  3  4  5  6 |
---------------+-------------------+-----
Stealth        | 1 2 |  2.5
Spellcasting   | 1 |  1.9
Short Blades   | 3 |  3.8
Dodging        | 5 |  5.5
Armour         | 1 |  1.1
Ranged Weapons | 1 |  1.1
Fighting       | 3 |  3.0
Shields        | 3 |  3.0

Action                     |  1- 3 |  4- 6 || total
---------------------------+-------+-------++-------
  Melee: Rapier            |   122 |   156 ||   278
   Fire: Sling             |     2 |    19 ||    21
  Evoke: Wand              |       |     4 ||     4
    Use: Scroll            |       |     3 ||     3
   Stab: Sleeping          |     3 |     5 ||     8
         Distracted        |       |     1 ||     1
         Invisible         |       |     1 ||     1
 Armour: Robe              |     5 |     2 ||     7
  Dodge: Dodged            |    92 |   117 ||   209
  Block: Buckler           |    13 |    25 ||    38
